 Dungeon Crawl Stone Soup version 0.28-a0-429-g1448048969 (webtiles) character file.

Game seed: 12997987020878208416

15633 Demosthentine the Spear-Bearer (level 12, -13/100 HPs)
             Began as a Merfolk Gladiator on Sept 11, 2021.
             Was a High Priest of the Shining One.
             Mangled by a white ugly thing (15 damage)
             ... while petrified by a basilisk
             ... on level 11 of the Dungeon.
             The game lasted 00:10:20 (13919 turns).

Demosthentine the Spear-Bearer (Merfolk Gladiator) Turns: 13919, Time: 00:10:21

Health: -13/100    AC:  9    Str: 16    XL:     12   Next: 29%
Magic:  17/17      EV:  2    Int:  7    God:    the Shining One [*****.]
Gold:   616        SH:  0    Dex: 19    Spells: 11/11 levels left

rFire   . . .      SeeInvis .   a - +1 trident
rCold   . . .      Faith    .   (no shield)
rNeg    + + +      Spirit   .   k - +0 troll leather armour
rPois   ∞          Reflect  +   c - +1 helmet
rElec   .          Harm     .   (no cloak)
rCorr   .          Rampage  .   t - +0 pair of gloves
Will    .....                   i - +0 pair of boots
Stlth   +.........              y - amulet of reflection
HPRegen 1.26/turn               j - +4 ring of slaying
MPRegen 0.15/turn               q - +4 ring of evasion

@: petrified, glowing
A: (nimble swimmer 2), mertail
a: Renounce Religion, Divine Shield, Cleansing Flame, Summon Divine Warrior


You were on level 11 of the Dungeon.
You worshipped the Shining One.
The Shining One was extremely pleased with you.
You visited 2 branches of the dungeon, and saw 13 of its levels.

You collected 616 gold pieces.

Inventory:

Hand Weapons
 a - a +1 trident (weapon)
Missiles
 d - 4 throwing nets (quivered)
Armour
 c - a +1 helmet (worn)
 i - a +0 pair of boots (worn)
 k - a +0 troll leather armour (worn)
 t - a +0 pair of gloves (worn)
Jewellery
 b - a ring of protection from cold
 j - a +4 ring of slaying (left hand)
 q - a +4 ring of evasion (right hand)
 y - an amulet of reflection (around neck)
Wands
 h - a wand of iceblast (11)
 p - a wand of paralysis (9)
Scrolls
 f - 6 scrolls of enchant weapon
 r - a scroll of holy word
 s - a scroll of silence
 w - a scroll of magic mapping
Potions
 e - 2 potions of flight
 g - 3 potions of attraction
 l - a potion of lignification
 m - a potion of ambrosia
 n - 3 potions of curing
 o - a potion of heal wounds {unknown}
 v - a potion of berserk rage {unknown}


   Skills:
 + Level 11.0 Fighting
 + Level 14.1 Polearms
 - Level 2.0 Throwing
 - Level 5.6 Armour
 + Level 13.0 Dodging
 + Level 6.8 Invocations


You had 11 spell levels left.
You didn't know any spells.
Your spell library contained the following spells:

 Spells                   Type           Power      Damage    Failure   Level
 Sandblast                Erth           0%         2d4       50%         1
 Corpse Rot               Necr/Air       N/A        N/A       63%         2
 Passwall                 Tmut/Erth      0%         N/A       63%         2
 Poisonous Vapours        Pois/Air       0%         N/A       63%         2
 Ozocubu's Armour         Ice            0%         N/A       86%         3
 Stone Arrow              Conj/Erth      0%         3d7       86%         3
 Airstrike                Air            0%         N/A       99%         4
 Summon Lightning Spire   Summ/Air       0%         N/A       99%         4
 Lightning Bolt           Conj/Air       0%         1d11      100%        5
 Metabolic Englaciation   Hex/Ice        0%         N/A       100%        5
 Simulacrum               Ice/Necr       0%         N/A       100%        6


Dungeon Overview and Level Annotations

Branches:
Dungeon (12/15)            Temple (1/1) D:6            Lair (0/6) D:9
    Orc (0/2) D:10

Altars:
Ashenzari
Cheibriados
Dithmenos
Elyvilon
Fedhas
Gozag
Hepliaklqana
Kikubaaqudgha
Makhleb
Nemelex Xobeh
Okawaru
Qazlal
Ru
Sif Muna
Trog
Uskayaw
Vehumet
Wu Jian
Xom
Yredelemnul
Zin
The Shining One

Shops:
D:1 (   D:2 =   D:6 *   D:10 (


Innate Abilities, Weirdness & Mutations

((You are quick and stealthy near water. (Stealth+, EV+, Speed+++)))
Your lower body shifts to a powerful aquatic tail in water.


Message History

You block the vampire's attack. The vampire closely misses you.
The gargoyle closely misses you. The basilisk gazes at you.
You are slowing down.
You climb upwards.
You have turned to stone.
The white ugly thing stings you. The white ugly thing freezes you!!
The vampire hits you!
The vampire bites you but does no damage.
The gargoyle hits you with a +1 flail of protection!
The basilisk bites you! The white ugly thing stings you.
The white ugly thing freezes you! The vampire hits you. The vampire bites you.
The gargoyle hurls a stone arrow at you.
The stone arrow hits you!!
The basilisk bites you but does no damage.
The white ugly thing stings you. The white ugly thing freezes you!!
The vampire hits you.
The vampire bites you but does no damage.
The gargoyle hits you with a +1 flail of protection!
* * * LOW HITPOINT WARNING * * *
The basilisk bites you!
* * * LOW HITPOINT WARNING * * *
The white ugly thing stings you but does no damage.
The vampire hits you!
* * * LOW HITPOINT WARNING * * *
The vampire bites you.
* * * LOW HITPOINT WARNING * * *
The gargoyle hits you with a +1 flail of protection!!
* * * LOW HITPOINT WARNING * * *
The basilisk gazes at you.
The white ugly thing stings you but does no damage.
The vampire barely misses you. The vampire bites you.
* * * LOW HITPOINT WARNING * * *
The gargoyle hits you with a +1 flail of protection!
* * * LOW HITPOINT WARNING * * *
The basilisk bites you but does no damage.
The white ugly thing stings you.
* * * LOW HITPOINT WARNING * * *
The white ugly thing freezes you!!
You die...

#####........
###############...#.....#..
#.............'...#.....'..
####.#############...#.....#..
#....#...........#...#######..
#....#.######.................
#....#....<......#.#########..
#.^..#..#..#V.####.#########..
#....#..#..#.@l...............
#....#..#..#9#u#.#...........#
#######.#..#....................#
#.#####.#..#.#......#..)........#
#..†....#..#.#......#...........#
#.##########.#......#...........#
#.# #.......########.).........#
#.# #.#..............#..########
#.# #.#.##############..#


You could see a white ugly thing, a basilisk, a vampire and a gargoyle.

Vanquished Creatures
  Josephine (D:10)
  A hydra (D:12)
  A harpy (D:9)
  Pikel (D:6)
  An ugly thing (D:9)
  A cyclops (D:11)
  A gargoyle (D:12)
  Maggie (D:8)
  3 komodo dragons
  2 trolls
  3 hornets
  A meliai zombie (D:10)
  5 wraiths (D:10)
  2 wyverns (D:9)
  20 yaks
  A shadow (D:10)
  A basilisk (D:9)
  A steam dragon (D:9)
  Edmund (D:6)
  An acid dragon (D:9)
  2 water moccasins (D:6)
  2 ice beasts
  5 orc warriors
  A hornet zombie (D:8)
  2 sky beasts (D:6)
  4 necrophages
  5 ogres
  5 centaurs
  2 lemures (D:6)
  4 phantoms
  A kobold brigand (D:9)
  3 bullfrogs
  4 scorpions
  3 troll zombies (D:10)
  9 killer bees
  6 wights (D:9)
  3 howler monkeys
  3 centaur zombies
  2 bullfrog zombies (D:5)
  A jelly (D:6)
  5 hounds
  6 orc priests
  A bullfrog skeleton (D:4)
  A centaur skeleton (D:6)
  A gnoll shaman (D:7)
  3 iguanas (D:5)
  15 orc wizards
  A scorpion zombie (D:5)
  5 ogre zombies (D:10)
  A hound skeleton (D:5)
  7 gnolls
  A howler monkey zombie (D:8)
  9 adders
  A shadow imp (D:4)
  2 ufetubi
  A worm (D:3)
  7 dart slugs
  35 orcs
  12 bats
  7 endoplasms
  2 giant cockroaches (D:1)
  5 goblins
  8 hobgoblins
  12 jackals
  5 kobolds
  5 quokkas
  3 training dummies (D:10)
  8 ball pythons
  2 frilled lizards
  2 goblin zombies (D:10)
  2 hobgoblin skeletons (D:10)
  3 hobgoblin zombies (D:10)
  4 orc skeletons (D:10)
  14 orc zombies (D:10)
  3 rats
315 creatures vanquished.

Vanquished Creatures (others)
  A plant (D:1)
1 creature vanquished.

Grand Total: 316 creatures vanquished

Notes
Turn   | Place    | Note
-------+----------+-------------------------------------------
     0 | D:1      | Demosthentine the Merfolk Gladiator began the quest for the
                  | Orb.
     0 | D:1      | Reached XP level 1. HP: 16/16 MP: 1/1
    81 | D:1      | Reached XP level 2. HP: 10/23 MP: 2/2
   333 | D:1      | Reached XP level 3. HP: 11/28 MP: 3/3
   732 | D:1      | Reached skill level 5 in Polearms
   842 | D:1      | Reached skill level 1 in Armour
   871 | D:1      | Found Cehac's Weapon Shop.
   971 | D:1      | Found a faded altar of an unknown god.
  1258 | D:2      | Found Tosch's Jewellery Shoppe.
  1272 | D:2      | Reached XP level 4. HP: 35/35 MP: 4/4
  1663 | D:2      | You fall into a shaft and drop 2 floors!
  1663 | D:4      | Noticed a phantom
  1665 | D:4      | Found a shimmering blue altar of Sif Muna.
  1673 | D:4      | Killed a phantom
  1674 | D:4      | Reached skill level 5 in Dodging
  1674 | D:4      | Reached XP level 5. HP: 14/41 MP: 5/5
  1886 | D:4      | Found a blossoming altar of Fedhas.
  2214 | D:4      | Noticed a necrophage
  2223 | D:4      | Killed a necrophage
  2224 | D:4      | Reached skill level 6 in Polearms
  2224 | D:4      | Reached XP level 6. HP: 35/48 MP: 6/6
  2567 | D:4      | Reached XP level 7. HP: 25/55 MP: 7/7
  3805 | D:3      | Found a glowing golden altar of the Shining One.
  4024 | D:3      | Became a worshipper of the Shining One
  4310 | D:4      | Reached skill level 7 in Polearms
  4912 | D:4      | Reached skill level 5 in Fighting
  4977 | D:4      | Found a bloodstained altar of Trog.
  4989 | D:4      | Found a shimmering altar of Xom.
  5090 | D:5      | Entered Level 5 of the Dungeon
  5138 | D:5      | Reached * piety under the Shining One
  5144 | D:5      | Reached XP level 8. HP: 62/62 MP: 8/8
  5164 | D:5      | Reached skill level 8 in Polearms
  5614 | D:5      | Reached skill level 9 in Polearms
  6021 | D:6      | Reached XP level 9. HP: 65/71 MP: 9/9
  6071 | D:6      | Found Zin's Purification Station.
  6074 | D:6      | Found a glowing silver altar of Zin.
  6180 | D:6      | Found a hide-covered altar of Uskayaw.
  6461 | D:6      | Reached ** piety under the Shining One
  6811 | D:6      | Found a staircase to the Ecumenical Temple.
  6852 | Temple   | Entered the Ecumenical Temple
  7110 | D:6      | Noticed Pikel
  7151 | D:6      | Killed Pikel
  7152 | D:6      | Reached skill level 10 in Polearms
  7243 | D:6      | Noticed Edmund
  7258 | D:6      | Killed Edmund
  7380 | D:6      | Reached skill level 5 in Armour
  7591 | D:6      | Reached XP level 10. HP: 80/80 MP: 10/10
  8009 | D:7      | Reached skill level 11 in Polearms
  8009 | D:7      | Reached skill level 10 in Dodging
  9257 | D:8      | Reached *** piety under the Shining One
  9555 | D:8      | Noticed Maggie
  9573 | D:8      | Killed Maggie
  9814 | D:9      | Reached skill level 1 in Invocations
 10212 | D:9      | Reached skill level 12 in Polearms
 10451 | D:9      | Found a staircase to the Lair.
 10653 | D:9      | Reached XP level 11. HP: 89/89 MP: 13/13
 11120 | D:9      | Noticed a brown ugly thing
 11127 | D:9      | Killed a brown ugly thing
 11284 | D:9      | Noticed a harpy
 11291 | D:9      | Killed a harpy
 11593 | D:10     | Entered Level 10 of the Dungeon
 11736 | D:10     | Noticed Josephine
 11738 | D:10     | Reached **** piety under the Shining One
 11750 | D:10     | Killed Josephine
 11760 | D:10     | Reached skill level 10 in Fighting
 11772 | D:10     | Reached skill level 13 in Polearms
 11785 | D:10     | Found Jiachuo's Firing Range.
 11913 | D:10     | Reached skill level 5 in Invocations
 12240 | D:10     | Found a staircase to the Orcish Mines.
 12244 | D:10     | Reached ***** piety under the Shining One
 13133 | D:11     | Noticed a cyclops
 13138 | D:11     | Killed a cyclops
 13139 | D:11     | Reached XP level 12. HP: 99/99 MP: 16/16
 13560 | D:11     | Reached skill level 14 in Polearms
 13651 | D:12     | Noticed a four-headed hydra
 13664 | D:12     | Killed a four-headed hydra
 13918 | D:11     | HP: 2/100 [gargoyle (7)]
 13919 | D:11     | Mangled by a white ugly thing

Illustrated notes

Levels and vault maps discovered:
D:1:      eino_arrival_water_cross, layout_basic, basic_ecumenical_altar,
          serial_shops, shop, hangedman_decor_clover_reticule
D:2:      minmay_alternating_diamond, layout_basic, serial_shops, shop
D:3:      layout_loops_ring, tso_altar, skrybe_limestone_x
D:4:      layout_loops_ring, amethyst_overflow_temple_binary,
          mainiacjoe_overflow_catch_the_wave
D:5:      layout_loops_ring, st_stairs_9, chequers_serial_rivers_micro_a,
          minmay_fractal_squares_5
D:6:      minmay_inner_zag, layout_basic, zin_purify,
          eat_drink_and_be_merry_uskayaw, minmay_temple_entry_gardened_gates,
          uniq_edmund, uniq_pikel
D:7:      layout_basic
D:8:      layout_basic, uniq_maggie
D:9:      layout_stronghold, erik_lair_dragon, minmay_three_doors
D:10:     layout_loops_ring, zombieorc2_lemuel, nicolae_shop_firing_range,
          uniq_josephine
D:11:     layout_basic
D:12:     minmay_blocking_statues, layout_cave_pools, kennysheep_nondescript,
          kennysheep_small_square
Temple:   regret_index_temple_generic_petals

Skill      XL: |  1  2  3  4  5  6  7  8  9 10 11 12 |
---------------+-------------------------------------+-----
Polearms       | 5 6 7 9 10 12 13 14 | 14.1
Armour         | 1 2 3 4 5 |  5.6
Fighting       | 3 4 5 6 7 9 10 11 | 11.0
Dodging        | 5 6 7 8 9 11 12 13 | 13.0
Invocations    | 3 6 |  6.8
Throwing       | |  2.0

Action                   |  1- 3 |  4- 6 |  7- 9 | 10-12 || total
-------------------------+-------+-------+-------+-------++-------
Melee: Trident           |   137 |   108 |   344 |   703 ||  1292
Throw: Throwing net      |       |     1 |       |       ||     1
  Use: Scroll            |     5 |       |     6 |     5 ||    16
       Potion            |       |     2 |       |     5 ||     7
 Stab: Sleeping          |     3 |     1 |     2 |       ||     6
Armor: Leather armour    |    33 |    16 |    47 |    22 ||   118
       Steam dragon scal |       |       |       |    20 ||    20
       Troll leather arm |       |       |       |    18 ||    18
Dodge: Dodged            |    95 |    60 |   170 |   343 ||   668
Block: Other             |       |       |       |    43 ||    43
       Reflection        |       |       |       |     1 ||     1

Table legend: (Time is in decaauts)
 A = Elapsed time spent in this place.
 B = Non-inter-level travel time spent in this place.
 C = Inter-level travel time spent in this place.
 D = Time resting spent in this place.
 E = Time spent auto-exploring this place.
 F = Levels seen in this place.
 G = Mean time per level.
                   A        B        C        D        E       F      G
               +--------+--------+--------+--------+--------+-----+--------+
         Total |  13667 |  13247 |    420 |    327 |  10861 |  13 | 1051.3 |
       Dungeon |  13429 |  13010 |    419 |    327 |  10658 |  12 | 1119.1 |
        Temple |    237 |    237 |      0 |      0 |    203 |   1 |  237.0 |
               +--------+--------+--------+--------+--------+-----+--------+

Top non-repeatable levels by time:
     D:4: 1913 daAuts
     D:9: 1791 daAuts
     D:6: 1751 daAuts
     D:7: 1249 daAuts
     D:1: 1222 daAuts
    D:11: 1057 daAuts
     D:2: 1025 daAuts
    D:10: 1014 daAuts
     D:3: 934 daAuts
     D:5: 786 daAuts
     D:8: 567 daAuts
  Temple: 237 daAuts
    D:12: 116 daAuts
